AoeStats
← Khirs

African Clearing

506219474Analyzed
4v4 RM · 19d ago on Sep 12, 2026· 86m 58s· 8 players
Game mode
Random Map
Map size
Large (8 player)
Population
200
Speed
Normal
Resources
Standard
Victory
Conquest
Starting age
Dark Age
Ending age
Imperial Age
RankedLock teamsTeams togetherTeam positionsShared explorationLock speedFull tech treeHidden civsTurbo modeCheats
Victory
Defeat
🇨🇦 Burmese · Canada
869
+14
🇨🇦 Franks · Canada
840
+15
🇨🇱 Turks · Chile
820
+16
🇹🇷 Shu · Türkiye
813
+16
🇮🇩 Huns · Indonesia
879
-19
🇮🇩 Sicilians · Indonesia
848
-16
🇪🇸 Britons · Spain
791
-14
🇮🇩 Sicilians · Indonesia
733
-12
Clon4z3pvvnk
14:05 Feudal Age
20:56 Castle Age
19:30 Horse Collar
30:43 Double-Bit Axe
30:53 Gold Mining
30:53 Stone Mining
31:45 Wheelbarrow
35:43 Imperial Age
44:27 Ballistics
44:32 Bombard Tower
45:13 Heavy Plow
45:52 Gold Shaft Mining
49:32 Elite Janissary
50:37 Artillery
54:10 Heavy Camel Rider
57:15 Scale Barding Armor
56:32 Cavalier
57:15 Husbandry
57:29 Bloodlines
67:44 Chain Barding Armor
75:44 Plate Barding Armor
PatBateman7156
13:13 Loom
15:18 Feudal Age
20:51 Castle Age
18:44 Double-Bit Axe
23:25 Husbandry
24:42 Bow Saw
26:23 Wheelbarrow
31:44 Hand Cart
31:53 Scale Barding Armor
31:59 Forging
37:29 Imperial Age
36:53 Chain Barding Armor
37:08 Iron Casting
37:34 Gold Mining
38:41 Cavalier
40:01 Plate Barding Armor
40:27 Blast Furnace
39:48 Town Watch
41:14 Chemistry
39:59 Arrowslits
40:35 Ballistics
40:12 Murder Holes
40:56 Caravan
41:43 Gold Shaft Mining
41:14 Chivalry
41:35 Conscription
40:40 Paladin
42:34 Town Patrol
48:11 Masonry
DAMBRO
15:48 Loom
18:14 Feudal Age
22:40 Castle Age
28:41 Fletching
30:13 Manipur Cavalry
32:01 Padded Archer Armor
31:37 Elite Skirmisher
51:16 Imperial Age
SevenLives <3
15:16 Feudal Age
13:38 Loom
15:24 Feudal Age
17:30 Wheelbarrow
16:40 Town Watch
17:47 Double-Bit Axe
23:57 Castle Age
23:56 Fletching
24:07 Padded Archer Armor
24:28 Crossbowman
25:27 Bow Saw
25:13 Gold Mining
26:30 Thumb Ring
27:13 Gold Shaft Mining
28:01 Town Patrol
28:20 Hand Cart
29:27 Ballistics
37:37 Murder Holes
45:21 Imperial Age
45:24 Bodkin Arrow
45:44 Leather Archer Armor
46:13 Bolt Magazine
46:34 Conscription
46:02 Arbalester
46:26 Arbalester
46:33 Pikeman
47:14 Squires
47:39 Halberdier
49:36 Chemistry
48:48 Fortified Wall
48:49 Masonry
55:46 Bracer
57:50 Ring Archer Armor
57:31 Forging
57:21 Scale Mail Armor
57:27 Arson
59:54 Capped Ram
61:56 Chain Mail Armor
75:10 Siege Ram
75:30 Siege Ram
75:36 Siege Ram
83:07 Spies/Treason
Khirs
5:32 Loom
13:51 Feudal Age
14:52 Double-Bit Axe
17:04 Horse Collar
26:28 Castle Age
24:41 Fletching
25:04 Gold Mining
25:18 Stone Mining
25:58 Padded Archer Armor
26:55 Forging
26:40 Crossbowman
28:18 Leather Archer Armor
28:59 Bow Saw
28:52 Heavy Plow
29:27 Bodkin Arrow
33:46 Gold Shaft Mining
35:43 Elite Skirmisher
40:23 Imperial Age
42:44 Ballistics
43:07 Pikeman
44:53 Conscription
46:57 Yeomen
51:14 Chemistry
52:33 Warwolf
55:35 Bracer
Teninesick
5:44 Loom
17:10 Feudal Age
23:52 Castle Age
22:25 Double-Bit Axe
23:53 Wheelbarrow
25:11 Bloodlines
25:39 Gold Mining
25:39 Stone Mining
29:16 Husbandry
36:18 Murder Holes
36:44 Ballistics
37:27 Pikeman
39:08 Masonry
43:25 Imperial Age
41:21 Forging
41:21 Light Cavalry
43:51 Fletching
44:01 Padded Archer Armor
44:38 Iron Casting
44:03 Scale Mail Armor
44:09 Scale Barding Armor
44:05 Halberdier
45:18 Arrowslits
45:40 Bodkin Arrow
46:28 Cavalier
48:10 Stone Mining
52:44 Chain Barding Armor
54:03 Bracer
55:31 Squires
57:56 Chain Mail Armor
58:42 Blast Furnace
58:22 Plate Barding Armor
59:26 Elite Serjeant
59:59 Capped Ram
61:56 Horse Collar
64:09 Plate Mail Armor
65:57 Siege Ram
74:09 Hoardings
Gabut Lagi
5:54 Loom
21:37 Feudal Age
28:47 Castle Age
35:58 Scale Mail Armor
44:53 First Crusade
45:14 Double-Bit Axe
45:15 Horse Collar
49:42 Gold Mining
49:43 Stone Mining
52:35 Imperial Age
52:19 Wheelbarrow
53:56 Elite Serjeant
55:54 Pikeman
56:19 Light Cavalry
57:09 Bloodlines
57:24 Scale Barding Armor
60:25 Conscription
60:24 Forging
61:42 Heavy Plow
61:12 Halberdier
61:52 Squires
63:42 Chain Mail Armor
64:02 Iron Casting
63:49 Chain Barding Armor
77:17 Hand Cart
Sleeperis4065
16:13 Feudal Age
14:28 Loom
21:21 Castle Age
20:02 Double-Bit Axe
20:15 Gold Mining
23:05 Gold Shaft Mining
28:41 Marauders
30:15 Wheelbarrow
30:36 Town Watch
30:56 Horse Collar
31:33 Bow Saw
32:45 Forging
32:41 Scale Barding Armor
33:05 Bloodlines
32:55 Husbandry
33:28 Hand Cart
33:14 Town Patrol
35:21 Chain Barding Armor
36:01 Iron Casting
36:06 Heavy Plow
36:20 Fletching
45:42 Imperial Age
46:24 Elite Tarkan
47:41 Plate Barding Armor
48:06 Blast Furnace
48:49 Guilds
61:19 Bodkin Arrow
Connection lost

Rejoining the realm…

Still unreachable

The connection could not be restored.

Session expired

The server has moved on; the page needs a fresh start.